 Dungeon Crawl Stone Soup version 0.30-a0-715-gdb4ae3ece1 (webtiles) character file.

Game seed: 10301257044039289207

168 drugrobin the Sneak (level 5, -4/45 HPs)
             Began as a Demigod Delver on Jan 24, 2023.
             Slain by Robin
             ... wielding a +1 falchion of electrocution
              (20 damage)
             ... on level 2 of the Dungeon.
             The game lasted 00:08:33 (2883 turns).

drugrobin the Sneak (Demigod Delver)                Turns: 2883, Time: 00:08:34

Health: -4/45      AC:  3    Str: 13    XL:     5   Next: 3%
Magic:  7/7        EV: 12    Int: 12    God:
Gold:   114        SH:  0    Dex: 19    Spells: 4/4 levels left

rFire   . . .      SeeInvis .    c - +2 dagger (elec)
rCold   . . .      Faith    .    (no shield)
rNeg    . . .      Spirit   .    a - +0 leather armour
rPois   .          Reflect  .    (no helmet)
rElec   .          Harm     .    (no cloak)
rCorr   .          Rampage  .    (no gloves)
Will    .....                    (no boots)
Stlth   +++                      (no amulet)
HPRegen 0.27/turn                (no ring)
MPRegen 0.10/turn                (no ring)

@: no status effects
A: high MP 1, forlorn, divine attributes
a: no special abilities


You were on level 2 of the Dungeon.
You visited 1 branch of the dungeon, and saw 5 of its levels.
You also visited: Sewer.

You collected 114 gold pieces.

Inventory:

Hand Weapons
 b - a +1 dagger of draining
 c - a +2 dagger of electrocution (weapon)
 d - a +2 dagger of speed
 e - a +1 short sword of freezing
Missiles
 n - 2 boomerangs (quivered)
 p - 10 poisoned darts
Armour
 a - a +0 leather armour (worn)
 o - a +0 chain mail
 A - a +0 scale mail
Wands
 f - a wand of digging (3)
Scrolls
 h - a scroll of teleportation {unknown}
 i - a scroll of blinking {unknown}
 l - a scroll of silence {unknown}
 m - a scroll of fog
 s - a scroll of vulnerability {unknown}
 w - a scroll of acquirement {unknown}
 x - a scroll of summoning {unknown}
 y - a scroll of amnesia {unknown}
 z - a scroll of noise {unknown}
Potions
 g - 4 potions of curing
 k - a potion of might {unknown}
 q - 2 potions of flight
 r - 4 potions of heal wounds
 t - 3 potions of degeneration {unknown}
 u - 2 potions of invisibility {unknown}
 v - 3 potions of magic {unknown}


   Skills:
 - Level 3.5 Fighting
 - Level 1.7 Dodging
 - Level 4.5 Stealth
 * Level 4.4 Unarmed Combat


You had 4 spell levels left.
You didn't know any spells.
Your spell library was empty.

Dungeon Overview and Level Annotations

Branches:
Dungeon (5/15)              Sewer (visited)
 Temple: D:4-7

Annotations:
D:2 Robin
D:5 exclusions: jelly and phantom


Innate Abilities, Weirdness & Mutations

You have an increased reservoir of magic. (+10% MP)
You shall have no god before yourself.
Your divine heritage dramatically boosts your attributes as you level up.


Message History

You barely miss the rat.
A hobgoblin comes into view.
The rat barely misses you.
Unknown command.
The goblin shouts! x2
You hit the rat.
You kill the rat!
Unknown command.
Unknown command.
Throw: 11 darts (poison)
Press: ? - help, Shift-Dir - straight line, f - Robin
Aim: Robin, wielding a +1 falchion of electrocution, wearing a +2 animal skin and wearing a +0 helmet (69% to hit)
You throw a poisoned dart. The poisoned dart hits Robin.
Unknown command.
The hobgoblin shouts!
The goblin shouts!
You hit Robin but do no damage. Robin hits you but does no damage.
You are electrocuted!!
Unknown command.
Unknown command.
Unknown command.
Unknown command.
Okay, then.
Okay, then.
Okay, then.
Okay, then.
Unknown command.
Unknown command.
You hear the crackle of electricity.
c - a +2 dagger of electrocution (weapon)
Okay, then.
You hit Robin.
Robin is moderately wounded.
Robin hits you with a +1 falchion of electrocution.
Unknown command.
Unknown command.
You hit Robin.
Robin is heavily wounded.
Robin hits you with a +1 falchion of electrocution.
You are electrocuted!!
You die...

## ##...# #.....###
.#.....'.# # .......#.#
+#.....#.#
.......#.######## #
....g..#.##.....# #
.....g.g(g@.....# ###
g..g.gg..##.....# ######..
....gg...##.....####......#
g.#......##....†>.....)....
. #......##.....###########
#......##.....# #####
#......##.....# #....
#......##.....# #.##.
#.....# #.##.


You could see Robin, 3 hobgoblins and 5 goblins.

Vanquished Creatures
  A kobold brigand (Sewer)
  An adder (D:2)
  A river rat (Sewer)
  A worm (D:2)
  2 dart slugs
  5 orcs
  3 bats (D:1)
  5 endoplasms (D:1)
  6 giant cockroaches
  6 goblins
  9 hobgoblins
  3 jackals (Sewer)
  2 quokkas
  6 ball pythons
  A frilled lizard (D:1)
  11 kobolds
  5 rats
68 creatures vanquished.

Notes
Turn   | Place    | Note
-------+----------+-------------------------------------------
     0 | D:5      | drugrobin the Demigod Delver began the quest for the Orb.
     0 | D:5      | Reached XP level 1. HP: 18/18 MP: 3/3
   291 | D:5      | Noticed a phantom
   372 | D:5      | Noticed a jelly
   480 | D:4      | Noticed a scorpion
   594 | D:3      | Reached XP level 2. HP: 16/25 MP: 4/4
   688 | D:4      | Noticed a necrophage
   795 | D:4      | Found a glowing drain.
   861 | Sewer    | Entered a sewer
   878 | Sewer    | Reached XP level 3. HP: 24/30 MP: 5/5
   935 | Sewer    | Noticed a kobold brigand
  1042 | Sewer    | Killed a kobold brigand
  1043 | Sewer    | Reached XP level 4. HP: 14/38 MP: 6/6
  2816 | D:2      | Reached XP level 5. HP: 45/45 MP: 7/7
  2830 | D:2      | Noticed Robin
  2883 | D:2      | Slain by Robin

Illustrated notes

Levels and vault maps discovered:
D:1:      dpeg_arrival_rooms_a, layout_basic
D:2:      layout_basic, uniq_robin
D:3:      layout_rooms, uniq_jessica
D:4:      layout_basic, portal_sewer_entry_f, st_stairs_3
D:5:      layout_cave_pods, grunt_ministairs_10

Skill      XL: |  1  2  3  4 |
---------------+-------------+-----
Unarmed Combat | 2 3 4 |  4.4
Fighting       | 3 |  3.5
Dodging        | |  1.7
Stealth        | |  4.5

Action                     |  1- 3 |  4- 6 || total
---------------------------+-------+-------++-------
  Melee: Dagger            |    89 |   162 ||   251
         Unarmed           |     7 |       ||     7
         Morningstar       |     4 |       ||     4
         Punch             |     1 |     5 ||     6
  Throw: Boomerang         |     1 |    17 ||    18
         Dart              |       |     1 ||     1
    Use: Scroll            |     2 |       ||     2
         Potion            |     3 |       ||     3
   Stab: Sleeping          |     1 |     4 ||     5
 Armour: Leather armour    |    27 |    25 ||    52
  Dodge: Dodged            |    34 |    61 ||    95

Table legend: (Time is in decaauts)
 A = Elapsed time spent in this place.
 B = Non-inter-level travel time spent in this place.
 C = Inter-level travel time spent in this place.
 D = Time resting spent in this place.
 E = Time spent auto-exploring this place.
 F = Levels seen in this place.
 G = Mean time per level.
                   A        B        C        D        E       F      G
               +--------+--------+--------+--------+--------+-----+--------+
         Total |   2854 |   2700 |    154 |    363 |   1371 |   6 |  475.7 |
       Dungeon |   2401 |   2247 |    154 |    276 |   1207 |   5 |  480.2 |
         Sewer |    453 |    453 |      0 |     87 |    164 |   1 |  453.0 |
               +--------+--------+--------+--------+--------+-----+--------+

Top non-repeatable levels by time:
     D:1: 938 daAuts
     D:2: 574 daAuts
     D:5: 511 daAuts
   Sewer: 453 daAuts
     D:4: 222 daAuts
     D:3: 154 daAuts
